 Dungeon Crawl Stone Soup version 0.26-a0-1222-g14533b3512 (webtiles) character file.

Game seed: 9063683470416132952

202 voltaire321 the Insei (level 5, 0/35 HPs)
             Began as an Octopode Transmuter on Dec 31, 2020.
             Was an Initiate of Nemelex Xobeh.
             Slain by an orc
             ... wielding a +0 dagger
              (3 damage)
             ... on level 3 of the Dungeon.
             The game lasted 00:09:23 (3513 turns).

voltaire321 the Insei (Octopode Transmuter)         Turns: 3513, Time: 00:09:24

Health: 0/35       AC:  1    Str:  9    XL:     5   Next: 80%
Magic:  7/9        EV: 18    Int: 15    God:    Nemelex Xobeh [......]
Gold:   215        SH:  0    Dex: 14    Spells: 3/9 levels left

rFire    . . .     SeeInvis .     - Unarmed
rCold    . . .     Faith    .   (no shield)
rNeg     . . .     Spirit   .   (helmet restricted)
rPois    .         Reflect  .   (no amulet)
rElec    .         Harm     .   g - +4 ring of evasion
rCorr    .         Rampage  .   (no ring)
Will     .....                  p - ring of stealth
Stlth    +++.......             (no ring)
HPRegen  0.11/turn              (no ring)
MPRegen  0.11/turn              (no ring)
                                (no ring)
                                (no ring)

@: wereblooded
A: almost no armour, stealthy swim, amphibious, 8 rings, constrict 8, camouflage
1, gelatinous body 1
a: Renounce Religion, Draw Escape, Draw Destruction, Draw Summoning


You were on level 3 of the Dungeon.
You worshipped Nemelex Xobeh.
Nemelex Xobeh was noncommittal.
You visited 1 branch of the dungeon, and saw 3 of its levels.

You collected 215 gold pieces.

Inventory:

Missiles
 e - 9 poisoned darts
 m - 4 atropa-tipped darts
Jewellery
 g - a +4 ring of evasion (left tentacle)
 n - an uncursed ring of ice
 p - a ring of stealth (on tentacle)
Scrolls
 a - a scroll of remove curse
 c - a scroll of identify
 d - a scroll of teleportation
 j - a scroll of immolation {unknown}
 l - a scroll of magic mapping {unknown}
 q - a scroll of enchant armour {unknown}
 s - a scroll of random uselessness {unknown}
 t - 4 scrolls of enchant weapon {unknown}
Potions
 b - a potion of mutation {unknown}
 f - a potion of ambrosia {unknown}
 h - a potion of cancellation {unknown}
 i - 3 potions of curing {unknown}
 k - a potion of might {unknown}
 o - a potion of lignification {unknown}
 r - a potion of heal wounds {unknown}
 u - a potion of attraction {unknown}


   Skills:
 + Level 2.3 Fighting
 + Level 0.4 Throwing
 + Level 3.1 Dodging
 + Level 0.5 Stealth
 + Level 3.6 Unarmed Combat
 + Level 2.7 Spellcasting
 + Level 3.0 Transmutations
 + Level 1.6 Poison Magic


You had 3 spell levels left.
You knew the following spells:

 Your Spells              Type           Power        Failure   Level
a - Beastly Appendage     Tmut           22%          6%          1
b - Wereblood             Tmut           11%          9%          2
c - Spider Form           Tmut/Pois      4%           24%         3

Your spell library contained the following spells:

 Spells                   Type           Power        Failure   Level
 Ice Form                 Ice/Tmut       6%           73%         4
 Blade Hands              Tmut           5%           85%         5


Dungeon Overview and Level Annotations

Branches:
Dungeon (3/15)

Altars:
Nemelex Xobeh


Innate Abilities, Weirdness & Mutations

You cannot wear most types of armour.
You are very stealthy in the water. (Stealth+)
You are amphibious.
You can wear up to eight rings at the same time.
You can use your tentacles to constrict eight enemies at once.
Your skin changes colour to match your surroundings (Stealth+).
Your rubbery body absorbs attacks. (AC +1, EV +1)


Message History

You kill the orc!
You constrict the orc, but do no damage.
The orc hits you with a +0 dagger.
* * * LOW HITPOINT WARNING * * *
You tentacle-slap the orc but do no damage.
You pierce the orc, but do no damage.
You constrict the orc. The orc misses you. The orc completely misses you.
You barely miss the orc. You grab the orc.
You howl as the wereblood boils in your veins!
Your tentacle spike disappears.
You constrict the orc, but do no damage.
You constrict the orc. The orc hits you with a +0 dagger.
* * * LOW HITPOINT WARNING * * *
The orc hits you with a +0 dagger.
* * * LOW HITPOINT WARNING * * *
You completely miss the orc.
The orc is lightly wounded.
You constrict the orc. x2; The orc hits you with a +0 dagger.
You die...
Your body disappears without a glow.

..# #........##.####
..##
##.########....#
...# #.# ####.#
##..# #.#
##.######## . #..#
#..†......# #......
#.........# #....
#.........#
#####.....)...#
#o@...........#
......o###.........#
.....## #>........#
.... ########### ...
.. .


You could see 2 orcs.

Vanquished Creatures
  Terence (D:2)
  Robin (D:2)
  4 adders
  2 oozes
  2 worms (D:2)
  A dart slug (D:1)
  4 orcs
  9 bats
  2 giant cockroaches
  22 goblins
  15 hobgoblins
  13 jackals
  7 kobolds
  A ball python (D:2)
  3 frilled lizards
  10 rats
97 creatures vanquished.

Notes
Turn   | Place    | Note
-------+----------+-------------------------------------------
     0 | D:1      | voltaire321 the Octopode Transmuter began the quest for the
                  | Orb.
     0 | D:1      | Reached XP level 1. HP: 13/13 MP: 3/3
     6 | D:1      | Noticed an electric eel
   215 | D:1      | Reached XP level 2. HP: 18/18 MP: 3/5
   339 | D:1      | Learned a level 2 spell: Wereblood
   602 | D:1      | Reached XP level 3. HP: 7/23 MP: 6/6
  1505 | D:2      | Learned a level 3 spell: Spider Form
  1684 | D:2      | Noticed Robin
  1694 | D:2      | Reached XP level 4. HP: 23/29 MP: 5/7
  2099 | D:2      | Noticed Terence
  2128 | D:2      | Killed Terence
  2129 | D:2      | Reached skill level 1 in Poison Magic
  2129 | D:2      | Reached XP level 5. HP: 15/34 MP: 3/8
  2643 | D:2      | Found a sparkling altar of Nemelex Xobeh.
  2647 | D:2      | Became a worshipper of Nemelex Xobeh the Trickster
  2707 | D:2      | Killed Robin
  3513 | D:3      | Slain by an orc

Illustrated notes

Levels and vault maps discovered:
D:1:      arrival_aquarium_a, layout_loops_ring
D:2:      layout_basic, st_stairs_14, nemelex_dance_club_becter, uniq_terence,
          uniq_robin
D:3:      cheibrodos_greedy_goblins, layout_rooms,
          chequers_ecumenical_altar_twisty

Skill      XL: |  1  2  3  4  5 |
---------------+----------------+-----
Fighting       | 2 |  2.3
Poison Magic   | 1 |  1.6
Dodging        | 3 |  3.1
Transmutations | 3 |  3.0
Throwing       | |  0.4
Stealth        | |  0.5
Unarmed Combat | |  3.6
Spellcasting   | |  2.7

Action                   |  1- 3 |  4- 6 || total
-------------------------+-------+-------++-------
Melee: Unarmed           |    77 |   125 ||   202
       Kick              |    15 |    39 ||    54
       Constrict         |    18 |    40 ||    58
       Tentacles         |    12 |    17 ||    29
       Punch             |     2 |     4 ||     6
 Cast: Beastly Appendage |    22 |    19 ||    41
       Wereblood         |       |     3 ||     3
  Use: Scroll            |       |     3 ||     3
 Stab: Sleeping          |     6 |     4 ||    10
Armor: Skin              |    10 |     6 ||    16
Dodge: Dodged            |    53 |    89 ||   142

Table legend: (Time is in decaauts)
 A = Elapsed time spent in this place.
 B = Non-inter-level travel time spent in this place.
 C = Inter-level travel time spent in this place.
 D = Time resting spent in this place.
 E = Time spent auto-exploring this place.
 F = Levels seen in this place.
 G = Mean time per level.
                   A        B        C        D        E       F      G
               +--------+--------+--------+--------+--------+-----+--------+
         Total |   3500 |   3419 |     81 |   1333 |   1268 |   3 | 1166.7 |
       Dungeon |   3500 |   3419 |     81 |   1333 |   1268 |   3 | 1166.7 |
               +--------+--------+--------+--------+--------+-----+--------+

Top non-repeatable levels by time:
     D:1: 1554 daAuts
     D:2: 1535 daAuts
     D:3: 410 daAuts
